 Dungeon Crawl Stone Soup version 0.31-a0-801-gc67433417a (webtiles) character file.

Game seed: 1421163414330268247

1511615 EuServersOMG the Hoplite (level 27, 188/188 HPs)
             Began as a Tengu Reaver on Sept 20, 2023.
             Was an Initiate of Gozag.
             Escaped with the Orb
             ... and 3 runes!
             The game lasted 05:07:09 (88567 turns).

EuServersOMG the Hoplite (Tengu Reaver)            Turns: 88567, Time: 05:07:09

Health: 188/188    AC: 35    Str: 15    XL:     27
Magic:  27/27      EV: 32    Int: 13    God:    Gozag
Gold:   372        SH: 38    Dex: 31    Spells: 29/30 levels left

rFire   + + .        k - +9 demon blade (flame)
rCold   . . .        Z - +8 tower shield {rF+}
rNeg    + + .        d - +3 shadow dragon scales "Bucsex" {rF+ Slay+6 Stlth++++}
rPois   +            u - +2 hat {SInv}
rElec   .            I - +2 cloak {rCorr}
rCorr   +            J - +2 pair of gloves {Dex+3}
SInv    +            (boots unavailable)
Will    +++++        N - amulet of the Four Winds {rN+ Will+++ Clar}
Stlth   +++          g - ring of the Octopus King {rCorr HP+2 AC+2 EV+2 SH+2}
HPRegen 1.31/turn    H - ring of Freedom {rPois rN+ Int-2 Dex+5 SInv}
MPRegen 0.20/turn

%: acrobat, clarity
@: flying, studying 2 skills
A: beak, talons 3, evasive flight, acrobatic, regeneration 1, subdued magic 1
0: Orb of Zot
}: 3/15 runes: barnacled, silver, gossamer
a: Renounce Religion, Potion Petition, Call Merchant, Bribe Branch


You escaped.
You worshipped Gozag.
Gozag was aware of your devotion.
You visited 11 branches of the dungeon, and saw 51 of its levels.
You also visited: Gauntlet and Volcano.

You collected 29815 gold pieces.
You spent 7203 gold pieces at shops.
You paid 22240 gold pieces to Gozag.

Inventory:

Hand Weapons
 f - the +9 falchion "Eneod" {antimagic, rElec Int+4 Dex+2}
   (You found it on level 3 of the Elven Halls)

   Int+4:     It affects your intelligence (+4).
   Dex+2:     It affects your dexterity (+2).
   rElec:     It insulates you from electricity.
 k - a +9 demon blade of flaming (weapon)
 F - a +2 demon trident of electrocution
Missiles
 R - 4 throwing nets
Armour
 d - the +3 shadow dragon scales "Bucsex" (worn) {rF+ Slay+6 Stlth++++}
   (You bought it in a shop on level 3 of the Depths)

   Slay+6:    It affects your accuracy & damage with ranged weapons and melee
   (+6).
   rF+:       It protects you from fire.
   Stlth++++: It makes you much more stealthy.
 u - a +2 hat of see invisible (worn)
 I - a +2 cloak of preservation (worn)
 J - a +2 pair of gloves of dexterity (worn)
 Y - a +2 pair of gloves of infusion
 Z - a +8 tower shield of fire resistance (worn)
Jewellery
 g - a ring of the Octopus King (left hand) {rCorr HP+2 AC+2 EV+2 SH+2}
   (You took it off a deep elf sorcerer on level 5 of the Vaults)

   [ring of resist corrosion]

   AC+2:      It affects your AC (+2).
   EV+2:      It affects your evasion (+2).
   HP+2:      It affects your health (+2).
   rCorr:     It protects you from acid and corrosion.
   SH+2:      It affects your SH (+2).
 m - the ring "Oheel" {rC++ Int-5 SInv}
   (You found it on level 3 of the Elven Halls)

   [ring of see invisible]

   Int-5:     It affects your intelligence (-5).
   rC++:      It greatly protects you from cold.
   SInv:      It lets you see invisible.
 y - the ring of the Median {rN+ Str+4 Dex+2}
   (You found it on level 3 of the Crypt)

   [ring of positive energy]

   Str+4:     It affects your strength (+4).
   Dex+2:     It affects your dexterity (+2).
   rN+:       It protects you from negative energy.
 A - an amulet of magic regeneration
 H - the ring of Freedom (right hand) {rPois rN+ Int-2 Dex+5 SInv}
   (You found it on level 3 of the Crypt)

   [ring of positive energy]

   Int-2:     It affects your intelligence (-2).
   Dex+5:     It affects your dexterity (+5).
   rPois:     It protects you from poison rN+: It protects you from negative
   energy.
   SInv:      It lets you see invisible.
 N - the amulet of the Four Winds (around neck) {rN+ Will+++ Clar}
   (You found it in a Gauntlet)

   [amulet of nothing]

   rN+:       It protects you from negative energy.
   Will+++:   It greatly increases your willpower.
   Clar:      It protects you from confusion, rage, mesmerisation and fear.
Wands
 q - a wand of iceblast (54)
 s - a wand of digging (12)
 x - a wand of quicksilver (9)
Scrolls
 c - 7 scrolls of fog
 e - 11 scrolls of vulnerability
 h - 11 scrolls of poison
 j - 14 scrolls of amnesia
 n - 16 scrolls of teleportation
 r - 2 scrolls of torment
 w - 3 scrolls of silence
 B - 2 scrolls of enchant armour
 C - 3 scrolls of blinking
 E - 2 scrolls of brand weapon
 G - 2 scrolls of summoning
 O - 7 scrolls of fear
 Q - 3 scrolls of immolation
Potions
 a - 2 potions of berserk rage
 b - 2 potions of invisibility
 i - 7 potions of resistance
 o - 6 potions of lignification
 p - 8 potions of mutation
 t - 8 potions of brilliance
 v - 3 potions of cancellation
 z - 2 potions of might
 K - 10 potions of curing
 M - a potion of haste
 P - 7 potions of enlightenment
 T - 8 potions of heal wounds
 U - 6 potions of attraction
 W - 5 potions of magic
 X - 9 potions of ambrosia


   Skills:
 + Level 22.7 Fighting
 - Level 22.0 Long Blades
 + Level 19.3 Armour
 + Level 24.8 Dodging
 + Level 13.2 Stealth
 + Level 24.8 Shields
 - Level 2.0 Spellcasting
 - Level 4.0 Conjurations


You had 29 spell levels left.
You knew the following spells:

 Your Spells              Type           Power      Damage    Failure   Level
a - Kiss of Death         Conj/Necr      20%        2d7       61%         1

Your spell library contained the following spells:

 Spells                   Type           Power      Damage    Failure   Level
 Searing Ray              Conj           18%        2d5       45%         2
 Momentum Strike          Conj/Tloc      10%        3d8       75%         2
 Static Discharge         Conj/Air       10%        2-3/arc   75%         2
 Necrotise                Necr           4%         1d4       87%         1
 Sandblast                Erth           2%         2d4       87%         1
 Sting                    Tmut/Pois      4%         1d3       87%         1
 Hailstorm                Conj/Ice       5%         3d4       93%         3
 Stone Arrow              Conj/Erth      10%        3d7       93%         3
 Cigotuvi's Dreadful Rot  Necr/Pois/Air  2%         N/A       95%         2
 Jinxbite                 Hex            2%         N/A       95%         2
 Lesser Beckoning         Tloc           2%         N/A       95%         2
 Passwall                 Tmut/Erth      0%         N/A       95%         2
 Poisonous Vapours        Pois/Air       2%         N/A       95%         2
 Scorch                   Fire           2%         2d5       95%         2
 Sublimation of Blood     Necr           1%         N/A       95%         2
 Wereblood                Tmut           1%         N/A       95%         2
 Confusing Touch          Hex            1%         N/A       99%         3
 Gell's Gravitas          Tloc           1%         N/A       99%         3
 Ignite Poison            Fire/Tmut/Pois 1%         N/A       99%         3
 Inner Flame              Hex/Fire       1%         N/A       99%         3
 Ozocubu's Armour         Ice            1%         N/A       99%         3
 Summon Guardian Golem    Hex/Summ       1%         N/A       99%         3
 Teleport Other           Tloc           1%         N/A       99%         3
 Vampiric Draining        Necr           1%         2d6       99%         3
 Volatile Blastmotes      Fire/Tloc      2%         2d10      99%         3
 Airstrike                Air            0%         2d(1-17)  100%        4
 Anguish                  Hex/Necr       0%         N/A       100%        4
 Animate Armour           Summ/Erth      2%         N/A       100%        4
 Brom's Barrelling Bould  Conj/Erth      5%         2d3       100%        4
 Cause Fear               Hex            0%         N/A       100%        4
 Dispel Undead            Necr           1%         3d6       100%        4
 Flame Wave               Conj/Fire      5%         2d5       100%        4
 Fulminant Prism          Conj/Hex       2%         3d5       100%        4
 Iskenderun's Mystic Bla  Conj/Tloc      5%         2d3       100%        4
 Leda's Liquefaction      Hex/Erth       0%         N/A       100%        4
 Manifold Assault         Tloc           1%         N/A       100%        4
 Olgreb's Toxic Radiance  Pois           1%         N/A       100%        4
 Sticky Flame             Conj/Fire      5%         2d3       100%        4
 Summon Ice Beast         Ice/Summ       1%         N/A       100%        4
 Summon Lightning Spire   Summ/Air       1%         N/A       100%        4
 Agony                    Necr           1%         N/A       100%        5
 Borgnjor's Vile Clutch   Necr/Erth      0%         N/A       100%        5
 Fireball                 Conj/Fire      2%         3d4       100%        5
 Iskenderun's Battlesphe  Conj           9%         2d6       100%        5
 Lee's Rapid Deconstruct  Erth           0%         3d4*      100%        5
 Metabolic Englaciation   Hex/Ice        0%         N/A       100%        5
 Silence                  Hex/Air        0%         N/A       100%        5
 Yara's Violent Unravell  Hex/Tmut       0%         3d3       100%        5
 Conjure Ball Lightning   Conj/Air       2%         3x3d6     100%        6
 Death Channel            Necr           0%         N/A       100%        6
 Dispersal                Tloc           0%         N/A       100%        6
 Leda's Unmaking          Conj/Erth      2%         9d1       100%        6
 Starburst                Conj/Fire      2%         6d3       100%        6
 Summon Cactus Giant      Summ           0%         N/A       100%        6
 Enfeeble                 Hex            0%         N/A       100%        7
 Haunt                    Necr/Summ      0%         N/A       100%        7
 Orb of Destruction       Conj           4%         9d5       100%        7
 Ozocubu's Refrigeration  Ice            0%         4d7       100%        7
 Spellforged Servitor     Conj/Summ      2%         N/A       100%        7
 Summon Hydra             Summ           0%         N/A       100%        7
 Borgnjor's Revivificati  Necr           0%         N/A       100%        8
 Discord                  Hex            0%         N/A       100%        8
 Disjunction              Tloc           0%         N/A       100%        8
 Ignition                 Fire           0%         3d3       100%        8
 Lehudib's Crystal Spear  Conj/Erth      2%         10d2      100%        8
 Death's Door             Necr           0%         N/A       100%        9
 Dragon's Call            Summ           0%         N/A       100%        9
 Polar Vortex             Ice            0%         N/A       100%        9
 Animate Dead             Necr           Unusable   N/A       N/A         4
 Simulacrum               Ice/Necr       Unusable   N/A       N/A         6

Dungeon Overview and Level Annotations

Branches:
Dungeon (15/15)            Temple (1/1) D:6            Lair (5/5) D:11
 Shoals (4/4) Lair:3       Spider (4/4) Lair:2        Slime (0/5) Lair:4
    Orc (2/2) D:12            Elf (3/3) Orc:2        Vaults (5/5) D:14
  Crypt (3/3) Vaults:3       Tomb (0/3) Crypt:3      Depths (4/4) D:15
    Zot (5/5) Depths:4    Volcano (visited)         Gauntlet (visited)

Altars:
Ashenzari
Cheibriados
Dithmenos
Elyvilon
Fedhas
Gozag
Hepliaklqana
Kikubaaqudgha
Makhleb
Nemelex Xobeh
Okawaru
Qazlal
Ru
Sif Muna
Trog
Uskayaw
Vehumet
Wu Jian
Xom
Yredelemnul
Zin
The Shining One
Jiyva
Lugonu

Shops:
D:6 ?   D:8 *[?(   D:10 =   D:11 [   D:12 [!*   D:15 (   Orc:1 (   Orc:2 ![**
Elf:2 ?   Lair:2 *(   Lair:3 [[!   Shoals:4 **(   Vaults:3 ?[   Vaults:4 =
Vaults:5 !(   Zot:1 ?   Depths:3 :==[

Portals:
Hell: Depths:1 Depths:2 Depths:3 Depths:4
Abyss: Depths:1 Depths:3
Pandemonium: Depths:2
Ziggurat: Depths:1
Trove: Vaults:1 (give +5 demon trident)

Annotations:
Lair:5 Opifex's ghost, journeyman KoHu
Shoals:2 Roxanne
Vaults:3 3 runed translucent doors, deprived's ghost, veteran HOFi
Depths:3 1 runed translucent door, 1 transporter, Hauff's ghost, veteran GrEE
Zot:1 2 transporters, exclusion: orange crystal statue, Ogritsah's ghost, legendary MiBe; Ryuz's ghost, legendary MeVM


Innate Abilities, Weirdness & Mutations

You have a beak for a mouth.
You have claws for feet.
Your magical flight helps you evade attacks. (EV +4)
You can magically evade attacks while moving or waiting.
Your natural rate of healing is unusually fast.
Your spells are a little easier to cast, but a little less powerful.


Message History

There is a stone staircase leading up here.
You fly upwards.
There is a stone staircase leading down here.
Partly explored, can't reach some items and places.
What level of the Dungeon? (default 10, ? - help)
There is an open door here.
There is a stone staircase leading up here.
You fly upwards.
There is a stone staircase leading down here.
There is a stone staircase leading up here.
You fly upwards.
There is a stone staircase leading down here.
There is a stone staircase leading up here.
You fly upwards.
There is a stone staircase leading down, spattered with blood here.
There is a stone staircase leading up, spattered with blood here.
You fly upwards.
There is a stone staircase leading down here.
There is a stone staircase leading up here.
You fly upwards.
There is a stone staircase leading down, spattered with blood here.
Things that are here:
a stone; a +0 whip
There is a stone staircase leading up here.
You fly upwards.
There is a stone staircase leading down here.
There is a stone staircase leading up here.
You fly upwards.
There is a stone staircase leading down here.
There is a stone staircase leading up here.
You fly upwards.
There is a stone staircase leading down here.
What level of the Dungeon? (default 1, ? - help) You're already here!
You see here a +0 club.
There is an open door, spattered with blood here.
You see here a +0 dagger.
There is a fountain of clear blue water here.
There is a staircase leading out of the dungeon here.
You have escaped!

.>.............#+#...............
..#.#.#.##.#.###.##.######.####.#
......#.##.#.###.##..............
......#.##.#.##...#..#####.#####.
...........#.##...#........#.....
....#)#......##...##.............
#####...######..⌠..######..#.#...
....#..####...........###..#.#..#
###.#...).....⌠.@.⌠.....+..#.....
........###...........########..#
###.##..# ####..⌠..###########..#
.....#..# ##...###...........#
#.......#######...# #.#########.#
#.......#....##...# #.# #.#
#.......#....###.####.#########.#
#.......#....# #.##.........#.)..
#.......#....###+##########.#.#.#


There were no monsters in sight!

Vanquished Creatures
  6 dread liches
  An ancient lich (Vaults:5)
  An orb of fire (Zot:5)
  Mara (Vaults:3)
  A juggernaut (Depths:4)
  Bai Suzhen (Vaults:5)
  Parghit (Depths:4)
  Xtahua (Vaults:5)
  Saint Roka (Orc:2)
  3 caustic shrikes (Depths:2)
  A curse toe (Zot:5)
  Nikola (Elf:1)
  7 golden dragons
  Jory (Vaults:3)
  3 doom hounds
  Jorgrun (Elf:1)
  An electric golem (Zot:5)
  Asterion (Elf:1)
  Zenata (Vaults:4)
  16 tentacled monstrosities
  A walking crystal tome (Depths:2)
  3 deep elf blademasters
  5 titans
  4 liches
  4 quicksilver dragons
  17 Orb Guardians
  Grunn (Depths:3)
  An acid blob (shapeshifter) (Vaults:5)
  6 sphinxes
  An Executioner (Zot:2)
  2 deep elf master archers (Elf:3)
  8 death cobs
  3 ancient champions (Crypt:1)
  Polyphemus (Shoals:2)
  10 shadow dragons
  Frances (Shoals:2)
  A kraken (Shoals:1)
  9 storm dragons
  Agnes (Elf:1)
  3 tengu reavers
  4 draconian monks
  4 draconian knights
  2 revenants
  3 emperor scorpions
  3 fire giants
  9 frost giants
  17 vault wardens
  5 deep elf elementalists (Elf:3)
  2 iron dragons
  Louise (Elf:3)
  A caustic shrike zombie (Crypt:3)
  8 draconian scorchers
  5 deep elf sorcerers
  3 curse skulls
  6 ghost moths
  4 ghouls
  2 angels
  12 draconian stormcallers
  7 reapers
  5 draconian shifters
  8 draconian annihilators
  2 broodmothers (Spider:2)
  3 orc warlords
  2 war gargoyles
  A caustic shrike skeleton (Crypt:3)
  2 formless jellyfish
  8 ironbound thunderhulks
  23 ironbound preservers
  20 stone giants
  10 vampire knights
  9 black draconians
  An eleionoma (shapeshifter) (Depths:2)
  2 juggernaut skeletons
  10 very ugly things
  9 green draconians
  5 purple draconians
  14 white draconians
  13 yellow draconians
  A lorocyproca (Zot:2)
  Azrael (Elf:1)
  5 red draconians
  6 deep elf demonologists
  2 deep elf annihilators
  15 dire elephants
  A minotaur (Gauntlet)
  14 eidola
  5 spark wasps
  13 deep elf death magi
  2 blizzard demons (D:14)
  2 quicksilver dragon zombies
  7 merfolk impalers
  2 fire dragons (Depths:2)
  3 jiangshi
  4 ettins
  Josephine (Orc:2)
  3 merfolk javelineers
  13 entropy weavers
  A mummy priest (Crypt:3)
  14 yaktaur captains
  41 vault guards
  8 deep elf high priests
  5 spriggan zombies (Crypt:3)
  5 rakshasas
  2 alligators (Shoals:3)
  3 hell beasts
  2 great orbs of eyes
  10 ice dragons
  5 hydras
  A peacekeeper (Vaults:1)
  The ghost of Talonman3 the Mimic, a journeyman DsSh of Ru (Orc:2)
  3 ironbound frosthearts
  An Orb Guardian zombie (Crypt:2)
  A jorogumo (Spider:3)
  14 centaur warriors
  3 spriggan air magi
  A merfolk avatar (Shoals:4)
  A spriggan skeleton (Crypt:3)
  6 radroaches
  2 death knights
  2 merfolk aquamancers
  2 catoblepae
  3 satyrs
  9 boulder beetles
  17 dancing weapons
  2 death yaks (Shoals:2)
  A death scarab (Gauntlet)
  4 deep troll shamans
  3 alligator snapping turtles
  3 hell hogs (Depths:1)
  4 orc high priests
  A sphinx skeleton (Depths:2)
  4 two-headed ogres
  A two-headed ogre (shapeshifter) (Vaults:5)
  10 demonic crawlers
  4 tengu warriors
  3 titan zombies (Crypt:3)
  6 deep troll earth magi
  Urug (D:13)
  10 hell knights
  2 spriggan berserkers
  13 soul eaters
  6 vampire magi
  2 storm dragon zombies (Crypt:3)
  Sonja (Lair:5)
  3 titan skeletons
  A shadow wraith (Crypt:1)
  Nergalle (D:11)
  4 skysharks
  12 skeletal warriors
  4 sun demons (Depths:1)
  5 deep elf knights
  10 pharaoh ants
  8 iron trolls
  A sixfirhy (D:10)
  A fire crab (Lair:5)
  A sun moth (Spider:4)
  Amaemon (D:9)
  13 sea snakes
  A deep troll (shapeshifter) (Vaults:5)
  2 salamander mystics
  A golden dragon zombie (Crypt:2)
  4 goliath frogs
  10 deep elf archers
  A quicksilver dragon simulacrum (Depths:2)
  A bog body (Crypt:2)
  A spectral hydra (Gauntlet)
  8 wizards
  An obsidian statue (Gauntlet)
  A bunyip skeleton (Crypt:3)
  4 flayed ghosts
  73 deep trolls
  31 harpies
  4 orb spiders
  16 orc knights
  24 deep elf pyromancers
  14 phantasmal warriors
  13 steelbarb worms
  9 lindwurms
  4 anaconda skeletons
  A tengu skeleton (Vaults:4)
  An oklob plant (Lair:3)
  15 ironbound convokers
  7 manticores
  3 fauns
  5 cyclopes
  9 orc sorcerers
  22 wolf spiders
  17 necromancers
  20 deep elf zephyrmancers
  An elephant (shapeshifter) (Vaults:5)
  2 stone giant skeletons
  9 salamanders
  22 moths of wrath
  23 ugly things
  A salamander (shapeshifter) (D:14)
  A human skeleton (Vaults:4)
  A fire giant skeleton (Crypt:2)
  7 merfolk sirens
  2 gargoyles
  2 centaur zombies (Crypt:3)
  A formless jellyfish zombie (Crypt:1)
  5 water nymphs
  An alligator snapping turtle zombie (Crypt:3)
  11 elephants
  2 molten gargoyles (Volcano)
  A guardian serpent (shapeshifter) (Elf:3)
  5 smoke demons
  An orc skeleton (Crypt:3)
  15 vault sentinels
  3 black mambas
  3 orange demons
  A centaur skeleton (Crypt:3)
  12 torpor snails
  A dire elephant skeleton (Crypt:1)
  2 unseen horrors (D:10)
  The ghost of Opifex the Slasher, a novice DjFi (D:4)
  An eye of devastation (Gauntlet)
  A minotaur zombie (Crypt:2)
  12 cane toads
  4 ice devils (D:14)
  27 yaktaurs
  6 rime drakes (Lair:5)
  15 freezing wraiths
  9 komodo dragons
  An unseen horror (shapeshifter) (Vaults:5)
  A guardian mummy (Crypt:3)
  7 tengu conjurers
  A kobold demonologist (Depths:1)
  An efreet (D:14)
  An alligator snapping turtle skeleton (Crypt:2)
  A red devil (Depths:2)
  A harpy zombie (Crypt:1)
  9 wind drakes
  7 hornets
  23 tarantellas
  13 hellwings (Crypt:3)
  12 meliai
  11 trolls
  3 tyrant leeches (Lair:5)
  21 merfolk
  2 hydra skeletons
  11 blink frogs
  10 polar bears
  2 raiju (Lair:5)
  7 dream sheep
  Prince Ribbit (D:8)
  5 ettin zombies
  13 snapping turtles
  A fire giant simulacrum (Depths:1)
  48 slime creatures
  A meliai zombie (Crypt:1)
  28 jumping spiders
  A spriggan (Depths:4)
  3 flying skulls (Crypt:1)
  A naga simulacrum (Crypt:2)
  2 air elementals
  19 shadows
  14 wraiths
  3 wyverns
  18 culicivoras
  2 fire bats (Volcano)
  10 water elementals
  An ushabti (Crypt:3)
  6 fire elementals
  34 yaks
  4 basilisks
  2 steam dragons (D:9)
  3 vampire mosquitoes (D:12)
  A chaos spawn (Depths:2)
  A neqoxec (Depths:2)
  63 redbacks
  2 deep troll zombies
  7 wargs
  2 acid dragons
  Edmund (D:6)
  17 hell hounds
  A glowing shapeshifter zombie (Depths:2)
  3 floating eyes
  15 water moccasins
  An ogre skeleton (Vaults:4)
  2 naga skeletons
  12 black bears
  An ice beast (D:8)
  2 sky beasts
  38 orc warriors
  3 boggarts (Vaults:2)
  50 wolves
  8 ogres
  12 centaurs
  A swamp dragon zombie (Crypt:2)
  A dream sheep skeleton (Crypt:1)
  A phantom (D:5)
  A swamp dragon skeleton (Crypt:1)
  3 kobold brigands
  A rime drake skeleton (Crypt:2)
  3 gnoll sergeants
  A glowing shapeshifter simulacrum (Depths:2)
  2 necrophages
  A wyvern zombie (D:4)
  4 scorpions
  A yaktaur skeleton (Crypt:2)
  14 bullfrogs
  A draconian skeleton (Crypt:2)
  4 earth elementals
  11 wights
  8 wyvern skeletons (Crypt:3)
  A polar bear zombie (Crypt:1)
  14 killer bees
  3 electric eels
  5 howler monkeys
  10 lava snakes (Volcano)
  A bullfrog zombie (D:4)
  3 hounds
  2 jellies
  18 orc priests
  A basilisk zombie (Crypt:1)
  2 sleepcaps
  5 iguanas
  Ijyb (D:4)
  23 orc wizards
  2 naga zombies
  An acid dragon skeleton (Crypt:1)
  2 human simulacra (D:9)
  A mummy (Crypt:3)
  16 gnolls
  5 adders
  A shadow imp (D:6)
  A white imp (D:6)
  A dart slug (D:10)
  72 orcs
  5 ball pythons
  2 bats
  8 endoplasms
  2 giant cockroaches (D:1)
  13 goblins
  10 hobgoblins
  5 jackals
  7 kobolds
  4 quokkas
  3 training dummies (Orc:1)
  4 frilled lizards
  3 rats
  A river rat skeleton (Crypt:2)
  A tentacle (Shoals:1)
2244 creatures vanquished.

Vanquished Creatures (collateral kills)
  An ancient lich (Zot:5)
  A dread lich (Zot:5)
  An Orb Guardian (Zot:5)
  A death cob (Zot:5)
  A draconian knight (Zot:5)
  A draconian stormcaller (Zot:5)
  A draconian shifter (Zot:5)
  A draconian annihilator (Zot:5)
  A moth of wrath (Zot:5)
  A wind drake (Shoals:1)
  4 merfolk (Shoals:1)
14 creatures vanquished.

Vanquished Creatures (others)
  2 Killer Klowns (Zot:5)
  A golden dragon (Zot:5)
  A tentacled monstrosity (Zot:5)
  4 Orb Guardians (Zot:5)
  A storm dragon (Zot:5)
  A draconian knight (Zot:3)
  A draconian stormcaller (Zot:5)
  A black draconian (Zot:5)
  A deep elf knight (Elf:1)
  A moth of wrath (Zot:2)
  An orc wizard (D:12)
  A kobold (D:4)
  8 tentacles (Shoals:1)
24 creatures vanquished.

Grand Total: 2282 creatures vanquished

Notes
Turn   | Place    | Note
-------+----------+-------------------------------------------
     0 | D:1      | EuServersOMG the Tengu Reaver began the quest for the Orb.
     0 | D:1      | Reached XP level 1. HP: 12/12 MP: 4/4
    65 | D:1      | Reached XP level 2. HP: 17/17 MP: 6/6
   442 | D:1      | Reached XP level 3. HP: 21/21 MP: 7/7
   936 | D:2      | Reached skill level 5 in Long Blades
  1521 | D:3      | Reached XP level 4. HP: 9/26 MP: 4/8
  1693 | D:3      | Found a shimmering blue altar of Sif Muna.
  1693 | D:3      | Found a blossoming altar of Fedhas.
  1889 | D:3      | Found a burning altar of Makhleb.
  2114 | D:3      | Reached XP level 5. HP: 21/30 MP: 9/9
  2266 | D:4      | Noticed Ijyb
  2424 | D:4      | Found a transporter.
  2428 | D:4      | Noticed Opifex's ghost (novice DjFi)
  2429 | D:4      | Found a transporter.
  2589 | D:4      | Killed Ijyb
  2721 | D:4      | Reached XP level 6. HP: 35/35 MP: 10/10
  3313 | D:4      | Noticed an orc warrior
  3320 | D:4      | Killed an orc warrior
  3321 | D:4      | Gained mutation: Your magical flight helps you evade
                  | attacks. (EV +4) [Tengu growth]
  3321 | D:4      | Reached XP level 7. HP: 40/40 MP: 11/11
  3372 | D:5      | Entered Level 5 of the Dungeon
  3896 | D:5      | Found a transporter.
  3908 | D:5      | Noticed a wraith
  3909 | D:5      | Found a transporter.
  3909 | D:5      | Noticed a troll
  3963 | D:5      | Found an ancient bone altar of Kikubaaqudgha.
  3986 | D:5      | Reached skill level 10 in Long Blades
  4121 | D:5      | Reached XP level 8. HP: 44/44 MP: 12/12
  5081 | D:6      | Noticed Edmund
  5380 | D:6      | Found a hide-covered altar of Uskayaw.
  5492 | D:6      | Killed Edmund
  5575 | D:6      | Found an iron altar of Okawaru.
  5687 | D:6      | Found a staircase to the Ecumenical Temple.
  5696 | Temple   | Entered the Ecumenical Temple
  5711 | Temple   | Became a worshipper of Gozag Ym Sagoz the Greedy
  5781 | D:6      | Reached XP level 9. HP: 31/48 MP: 13/13
  5979 | D:6      | Found The Oracle's Delphic Readings.
  5984 | D:6      | Bought a scroll of revelation for 105 gold pieces
  5984 | D:6      | Bought a scroll of identify for 28 gold pieces
  8362 | D:8      | Found Qyel's Magic Scroll Shop.
  8367 | D:8      | Bought a scroll of identify for 22 gold pieces
  8367 | D:8      | Bought a scroll of enchant armour for 82 gold pieces
  8367 | D:8      | Bought a scroll of blinking for 82 gold pieces
  8367 | D:8      | Bought a scroll of blinking for 82 gold pieces
  8367 | D:8      | Bought a scroll of blinking for 82 gold pieces
  8410 | D:8      | Reached skill level 5 in Dodging
  8410 | D:8      | Reached XP level 10. HP: 51/56 MP: 14/14
  8435 | D:7      | Found a glowing silver altar of Zin.
  8638 | D:8      | Found Iniula's Armour Shoppe.
  8638 | D:8      | Noticed an animated crystal plate armour
  8638 | D:8      | Noticed an animated plate armour
  8656 | D:8      | Found Vinet's General Store.
  8696 | D:8      | Noticed Prince Ribbit
  8719 | D:8      | Killed Prince Ribbit
  8828 | D:8      | Found Iramah's Antique Weapon Shoppe.
  9579 | D:9      | Reached skill level 5 in Fighting
 10012 | D:9      | Identified the +1 robe of Lycamal {Harm}
 10019 | D:9      | Noticed Amaemon
 10019 | D:9      | Noticed an orange demon
 10020 | D:9      | Identified 3 scrolls of acquirement
 10209 | D:9      | Acquired a +2 cloak of preservation
 10225 | D:9      | Acquired a manual of Long Blades
 10226 | D:9      | Acquired 788 gold pieces
 10531 | D:10     | Entered Level 10 of the Dungeon
 11092 | D:9      | Killed Amaemon
 11102 | D:9      | Killed an orange demon
 11728 | D:10     | Found Fuuje's Jewellery Emporium.
 11729 | D:10     | You are sucked into a shaft and drop 2 floors!
 11740 | D:12     | Found Deckoanea's General Store.
 11789 | D:11     | Reached XP level 11. HP: 14/66 MP: 15/15
 12047 | D:11     | Noticed a manticore
 12801 | D:10     | Reached skill level 15 in Long Blades
 12910 | D:10     | Noticed a two-headed ogre
 13344 | D:10     | Found a snail-covered altar of Cheibriados.
 13445 | D:10     | Killed a two-headed ogre
 13511 | D:11     | Reached skill level 10 in Dodging
 13730 | D:11     | Killed a manticore
 13741 | D:11     | Noticed Nergalle
 13778 | D:11     | Found Loadecro's Antique Armour Emporium.
 14005 | D:11     | Bought a dyed leather armour for 130 gold pieces
 14110 | D:11     | Noticed a two-headed ogre
 14115 | D:11     | Killed a two-headed ogre
 14271 | D:11     | Found a staircase to the Lair.
 14347 | D:12     | Identified the +1 ring mail "Nosunuma" {Rampage rElec}
 14895 | D:12     | Reached XP level 12. HP: 58/75 MP: 16/16
 15394 | D:12     | Found a staircase to the Orcish Mines.
 15643 | D:4      | Killed Opifex's ghost
 16199 | Lair:1   | Entered Level 1 of the Lair of Beasts
 16265 | Lair:1   | Found a dark tunnel.
 16271 | Volcano  | Entered a volcano
 16420 | Volcano  | Reached skill level 10 in Fighting
 16555 | Volcano  | Found a bloodstained altar of Trog.
 16769 | Volcano  | Noticed a hell knight
 16777 | Volcano  | Killed a hell knight
 18069 | Lair:2   | Reached XP level 13. HP: 48/84 MP: 17/17
 18378 | Lair:2   | Found a hole to the Spider Nest.
 20256 | Lair:3   | Found a staircase to the Shoals.
 20795 | Lair:4   | Found a viscous altar of Jiyva.
 20795 | Lair:4   | Found a staircase to the Slime Pits.
 21100 | Lair:4   | Reached XP level 14. HP: 72/90 MP: 18/18
 21642 | Lair:5   | Entered Level 5 of the Lair of Beasts
 22294 | Lair:5   | Found a runed translucent door.
 22420 | Lair:5   | Noticed Sonja
 22477 | Lair:5   | Found a runed translucent door.
 22886 | Lair:5   | Noticed Opifex's ghost (journeyman KoHu)
 22924 | Lair:5   | Killed Sonja
 24365 | D:11     | Killed Nergalle
 24427 | D:11     | Found a runed translucent door.
 24935 | D:11     | Reached skill level 15 in Dodging
 25057 | D:13     | Noticed Urug
 25083 | D:13     | Killed Urug
 25084 | D:13     | Reached XP level 15. HP: 95/97 MP: 19/19
 25157 | Orc:1    | Entered Level 1 of the Orcish Mines
 25157 | Orc:1    | Found Ystreosuo's Firing Range.
 25275 | Orc:2    | Entered Level 2 of the Orcish Mines
 25282 | Orc:2    | Noticed Saint Roka
 25874 | D:12     | Bought a potion of invisibility for 96 gold pieces
 25908 | Orc:2    | Killed Saint Roka
 26055 | Orc:2    | Found a staircase to the Elven Halls.
 26213 | Orc:2    | Found a runed translucent door.
 26213 | Orc:2    | Noticed Talonman3's ghost (journeyman DsSh)
 26886 | Orc:2    | Noticed Josephine
 26897 | Orc:2    | Killed Josephine
 26986 | Orc:2    | Noticed an orc warlord
 27030 | Orc:2    | Killed an orc warlord
 27572 | Orc:2    | Found Iqucuhegg's Assorted Antiques.
 28103 | Orc:2    | Found Poov Luf's General Store.
 28110 | Orc:2    | Found Faotiuck's Antique Armour Boutique.
 28112 | Orc:2    | Found Ezoem's Distillery.
 28181 | Orc:2    | Killed Talonman3's ghost
 28361 | Spider:1 | Entered Level 1 of the Spider Nest
 29224 | Spider:1 | Killed a ghost moth
 29225 | Spider:1 | Reached skill level 15 in Fighting
 29467 | Spider:1 | Reached XP level 16. HP: 108/108 MP: 20/20
 29823 | Lair:2   | Bought a scroll of teleportation for 135 gold pieces
 29825 | Lair:2   | Bought a runed demon blade for 486 gold pieces
 29874 | Lair:2   | Reached skill level 1 in Shields
 29940 | Shoals:1 | Entered Level 1 of the Shoals
 30235 | Shoals:1 | Noticed a kraken
 30265 | Shoals:1 | Killed a kraken
 30375 | Shoals:1 | Reached skill level 5 in Shields
 31092 | Shoals:2 | Noticed Roxanne
 31354 | Shoals:2 | Noticed Frances
 31372 | Shoals:2 | Killed Frances
 31418 | Shoals:2 | Noticed Polyphemus
 31449 | Shoals:2 | Killed Polyphemus
 31539 | Lair:3   | Bought a +0 hat for 48 gold pieces
 31838 | D:13     | Found a shimmering blue altar of Sif Muna.
 32073 | D:12     | Reached skill level 10 in Shields
 32899 | D:14     | Reached XP level 17. HP: 83/113 MP: 21/21
 32967 | D:14     | Found a gate to the Vaults.
 33430 | D:15     | Entered Level 15 of the Dungeon
 33545 | D:15     | Found Ybonwo's Antique Weapon Emporium.
 33635 | D:15     | Found a gate leading to a gauntlet.
 33688 | Gauntlet | Entered a Gauntlet
 33688 | Gauntlet | Found a large runed translucent door.
 33688 | Gauntlet | Found a large runed translucent door.
 33688 | Gauntlet | Found a large runed translucent door.
 33688 | Gauntlet | Found a large runed translucent door.
 33688 | Gauntlet | Found a large runed translucent door.
 33688 | Gauntlet | Found a transporter.
 33688 | Gauntlet | Found a large runed translucent door.
 33688 | Gauntlet | Found a large runed translucent door.
 33688 | Gauntlet | Found a large runed translucent door.
 33688 | Gauntlet | Found a runed translucent door.
 33688 | Gauntlet | Found a runed translucent gate.
 33688 | Gauntlet | Found a runed translucent gate.
 33688 | Gauntlet | Found a transporter.
 33688 | Gauntlet | Found a transporter.
 33690 | Gauntlet | Found a transporter.
 33690 | Gauntlet | Found a runed translucent door.
 33690 | Gauntlet | Found a runed translucent gate.
 33691 | Gauntlet | Found a transporter.
 33696 | Gauntlet | Found a transporter.
 33696 | Gauntlet | Found a large runed translucent door.
 33696 | Gauntlet | Found a large runed translucent door.
 33697 | Gauntlet | Found a large runed translucent door.
 33698 | Gauntlet | Found a large runed translucent door.
 33705 | Gauntlet | Found a transporter.
 33707 | Gauntlet | Found a transporter.
 33708 | Gauntlet | Found a transporter.
 33710 | Gauntlet | Found a transporter.
 33718 | Gauntlet | Found a transporter.
 33718 | Gauntlet | Found the amulet of the Four Winds {rN+ Will+++ Clar}
 33724 | Gauntlet | Found a transporter.
 33783 | Gauntlet | Found a large runed translucent door.
 33783 | Gauntlet | Found a large runed translucent door.
 33784 | Gauntlet | Found a large runed translucent door.
 33785 | Gauntlet | Found a large runed translucent door.
 33917 | Gauntlet | Paralysed by a floating eye for 2 turns
 34034 | Gauntlet | Identified the +4 flail of the Dwarven Hall {heavy, +Blink
                  | rF+ rC++ Str-4}
 34134 | D:15     | Identified the +2 robe of Hospitality {Harm}
 34647 | D:15     | Found a staircase to the Depths.
 34913 | D:15     | Found a sparkling altar of Nemelex Xobeh.
 37571 | Orc:2    | Bought a potion of ambrosia for 88 gold pieces
 37571 | Orc:2    | Bought a potion of haste for 110 gold pieces
 37571 | Orc:2    | Bought a potion of haste for 110 gold pieces
 37571 | Orc:2    | Bought a potion of haste for 110 gold pieces
 37571 | Orc:2    | Bought a potion of haste for 110 gold pieces
 37571 | Orc:2    | Bought a potion of heal wounds for 55 gold pieces
 37581 | Orc:2    | Bought a scroll of enchant armour for 112 gold pieces
 37655 | D:12     | Bought a potion of heal wounds for 60 gold pieces
 37655 | D:12     | Bought a potion of cancellation for 96 gold pieces
 37655 | D:12     | Bought a potion of cancellation for 96 gold pieces
 37655 | D:12     | Bought a potion of heal wounds for 60 gold pieces
 37655 | D:12     | Bought a potion of berserk rage for 60 gold pieces
 37655 | D:12     | Bought a potion of might for 48 gold pieces
 37715 | Elf:1    | Entered Level 1 of the Elven Halls
 37751 | Elf:1    | Noticed Jorgrun
 37808 | Elf:1    | Killed Jorgrun
 38087 | Elf:1    | Noticed Asterion
 38504 | Spider:2 | Reached skill level 15 in Shields
 38614 | Spider:2 | Reached skill level 1 in Armour
 39053 | Spider:2 | Gained mutation: Your natural rate of healing is unusually
                  | fast. [mutagenic glow]
 39198 | Spider:2 | You are sucked into a shaft and drop 1 floor!
 39421 | Spider:3 | Reached XP level 18. HP: 65/119 MP: 22/22
 39513 | Spider:3 | Paralysed by a jorogumo for 3 turns
 40416 | Spider:3 | Reached skill level 5 in Armour
 40621 | Spider:3 | Identified the +5 chain mail "Xuraer" {-Cast Str+6 Dex+2}
 41003 | Spider:4 | Entered Level 4 of the Spider Nest
 41433 | Elf:1    | Killed Asterion
 41647 | Elf:1    | Noticed Nikola
 41667 | Elf:1    | Noticed Agnes
 41700 | Elf:1    | Killed Agnes
 41867 | Elf:1    | Noticed Azrael
 41890 | Elf:1    | Killed Azrael
 41995 | Elf:1    | Got a well-preserved book
 42451 | Elf:1    | Killed Nikola
 42735 | Elf:2    | Found Tuapeef's Magic Scroll Emporium.
 42811 | Elf:2    | Bought a scroll of blinking for 135 gold pieces
 43245 | Elf:2    | Found a runed translucent gate.
 43245 | Elf:2    | Found a runed translucent gate.
 43249 | Elf:2    | Found a runed translucent gate.
 43667 | Elf:3    | Entered Level 3 of the Elven Halls
 43678 | Elf:3    | Noticed Louise
 44241 | Elf:3    | Reached XP level 19. HP: 127/127 MP: 19/23
 44421 | Elf:3    | Found a runed translucent door.
 44637 | Elf:3    | Paralysed by an air elemental for 1 turns
 44710 | Elf:3    | Identified the +0 chain mail of the Disturbing Mystics
                  | {Regen+ Dex+3}
 45114 | Elf:3    | Killed Louise
 46515 | Elf:3    | Identified the +9 falchion "Eneod" {antimagic, rElec Int+4
                  | Dex+2}
 46518 | Elf:3    | Identified the ring "Oheel" {rC++ Int-5 SInv}
 46538 | Elf:3    | Got a weird book
 46649 | Elf:3    | Got a leatherbound book
 46911 | D:12     | Bought a potion of curing for 36 gold pieces
 46911 | D:12     | Bought a potion of curing for 36 gold pieces
 49807 | Spider:4 | Got a gossamer rune of Zot
 49818 | Spider:4 | Reached XP level 20. HP: 134/134 MP: 19/24
 51365 | Shoals:4 | Entered Level 4 of the Shoals
 51419 | Shoals:4 | Found Rerek's Weapon Shop.
 51893 | Shoals:4 | Found Nogeydu's Specific Store.
 51893 | Shoals:4 | Found Xabliej's General Store.
 52744 | Shoals:4 | Got a barnacled rune of Zot
 53220 | Lair:3   | Bought a steaming leather armour for 203 gold pieces
 53220 | Lair:3   | Identified the +0 leather armour of Starshine {Will+} (You
                  | bought it in a shop on level 3 of the Lair of Beasts)
 53224 | Lair:3   | Bought 2 potions of heal wounds for 130 gold pieces
 53224 | Lair:3   | Bought a potion of heal wounds for 65 gold pieces
 53224 | Lair:3   | Bought a potion of berserk rage for 65 gold pieces
 53388 | Vaults:1 | Entered Level 1 of the Vaults
 54281 | Vaults:1 | You are sucked into a shaft and drop 1 floor!
 55309 | Vaults:1 | Found a portal to a secret trove of treasure.
 55870 | Vaults:2 | Reached XP level 21. HP: 139/139 MP: 21/25
 56706 | Vaults:2 | Identified the +10 dagger of Purpose {holy, Will- Str+4
                  | Int+3}
 58018 | Vaults:3 | Noticed Mara
 58022 | Vaults:3 | Noticed EuServersOMG's illusion
 58399 | Vaults:3 | Found a runed translucent gate.
 58399 | Vaults:3 | Found a runed translucent gate.
 58399 | Vaults:3 | Found a runed translucent gate.
 58400 | Vaults:3 | Noticed deprived's ghost (veteran HOFi)
 58683 | Vaults:3 | Reached skill level 10 in Armour
 59011 | Vaults:3 | Found a staircase to the Crypt.
 59165 | Vaults:3 | Noticed EuServersOMG's illusion
 59198 | Vaults:3 | Killed Mara
 60132 | Vaults:4 | Paralysed by a formless jellyfish for 1 turns
 60634 | Vaults:4 | Noticed Zenata
 60909 | Crypt:1  | Entered Level 1 of the Crypt
 60923 | Crypt:1  | Noticed Jory
 60937 | Crypt:1  | Reached XP level 22. HP: 147/147 MP: 5/26
 62005 | Vaults:4 | Found Qept's Jewellery Shop.
 62804 | Vaults:4 | Killed Zenata
 63335 | Depths:1 | Entered Level 1 of the Depths
 63760 | Depths:1 | Found a one-way gate to the infinite horrors of the Abyss.
 64123 | Depths:1 | Found a one-way gateway to a ziggurat.
 64496 | Depths:1 | Found a gateway to Hell.
 65704 | Depths:3 | Found a viscous altar of Jiyva.
 65714 | Depths:3 | Found a corrupted altar of Lugonu.
 66720 | Depths:2 | Reached XP level 23. HP: 122/155 MP: 12/27
 66882 | Depths:2 | Found a one-way gate leading to the halls of Pandemonium.
 67091 | Depths:2 | Noticed a caustic shrike
 67116 | Depths:2 | Killed a caustic shrike
 67327 | Depths:2 | Noticed a caustic shrike
 67335 | Depths:2 | Killed a caustic shrike
 67383 | Depths:2 | Noticed a caustic shrike
 67412 | Depths:2 | Killed a caustic shrike
 68248 | Depths:3 | Found a runed translucent door.
 68267 | Depths:3 | Noticed Hauff's ghost (veteran GrEE)
 68326 | Depths:3 | Found Sepauh's Book Boutique.
 68326 | Depths:3 | Found Uzoiloj's Jewellery Shoppe.
 68327 | Depths:3 | Found Doarras's Jewellery Shoppe.
 68440 | Depths:3 | Found a transporter.
 68500 | Depths:3 | Found a stormy altar of Qazlal.
 68507 | Depths:3 | Noticed Grunn
 68554 | Depths:3 | Killed Grunn
 69029 | Depths:4 | Entered Level 4 of the Depths
 69111 | Depths:4 | Noticed Parghit
 69480 | Depths:3 | Bought dazzling shadow dragon scales for 3400 gold pieces
 69480 | Depths:3 | Identified the +3 shadow dragon scales "Bucsex" {rF+ Slay+6
                  | Stlth++++} (You bought it in a shop on level 3 of the
                  | Depths)
 69795 | Depths:4 | Killed Parghit
 70601 | Depths:4 | Noticed a juggernaut
 70614 | Depths:4 | Killed a juggernaut
 70781 | Depths:4 | Found a gate to the Realm of Zot.
 70870 | Depths:4 | Reached skill level 1 in Stealth
 71266 | Depths:4 | Reached skill level 15 in Armour
 71522 | Depths:4 | Acquired 626 gold pieces
 71825 | Vaults:3 | Killed Jory
 71969 | Crypt:1  | Identified the +7 spear of Extremism {protect, +Blink rC-
                  | rN+++ Int+3 Stlth-}
 72466 | Crypt:1  | Reached XP level 24. HP: 163/163 MP: 19/27
 72477 | Crypt:1  | Noticed a dread lich
 72488 | Crypt:1  | Killed a dread lich
 73687 | Crypt:1  | Found a shimmering altar of Xom.
 74761 | Crypt:2  | Reached skill level 5 in Stealth
 75161 | Crypt:3  | Entered Level 3 of the Crypt
 75596 | Crypt:3  | Found an ancient bone altar of Kikubaaqudgha.
 76686 | Crypt:3  | Found a staircase to the Tomb.
 76691 | Crypt:3  | Identified the ring of Vata {+Blink rF+ Str+7 Dex-3}
 76966 | Crypt:3  | Identified the ring of the Median {rN+ Str+4 Dex+2}
 76966 | Crypt:3  | Identified the ring of Iplaeg {rF+ rN+ MP+9}
 76966 | Crypt:3  | Identified the ring of Freedom {rPois rN+ Int-2 Dex+5 SInv}
 76989 | Crypt:3  | Noticed a dread lich
 77000 | Crypt:3  | Killed a dread lich
 77697 | Crypt:3  | Got a conspicuous book
 78113 | Vaults:5 | Entered Level 5 of the Vaults
 78113 | Vaults:5 | Noticed Xtahua
 78122 | Vaults:5 | Identified the +6 great sword of Noerheul {antimagic,
                  | *Corrode +Blink Int+5 Dex-3}
 78124 | Vaults:5 | Killed Xtahua
 78129 | Vaults:5 | Reached XP level 25. HP: 134/170 MP: 17/27
 78498 | Vaults:5 | Noticed an ancient lich
 78690 | Vaults:5 | Killed an ancient lich
 78706 | Vaults:5 | Noticed Bai Suzhen
 79248 | Vaults:5 | Got a silver rune of Zot
 79450 | Vaults:5 | Found the ring of the Octopus King {rCorr HP+2 AC+2 EV+2
                  | SH+2}
 79843 | Vaults:5 | Killed Bai Suzhen
 79879 | Vaults:5 | Noticed a dread lich
 79891 | Vaults:5 | Killed a dread lich
 80556 | Vaults:5 | Found Juwuhinu's Distillery.
 80564 | Vaults:5 | Bought a potion of haste for 190 gold pieces
 80922 | Vaults:5 | Found Fuexacytz's Weapon Shoppe.
 81453 | D:14     | Found the +8 frozen axe "Frostbite" {freeze, freezing
                  | cloud, *Noise Fly rC+}
 81722 | Zot:1    | Entered Level 1 of the Realm of Zot
 81893 | Zot:1    | Noticed an ancient lich
 81893 | Zot:1    | Noticed Ryuz's ghost (legendary MeVM)
 81905 | Zot:1    | Found a transporter.
 81908 | Zot:1    | Found a transporter.
 81908 | Zot:1    | Noticed Ogritsah's ghost (legendary MiBe)
 82026 | Zot:1    | Reached skill level 10 in Stealth
 82126 | Zot:1    | Identified the +7 trident "Moubuysm" {heavy, *Corrode Str+4
                  | Dex+5}
 82340 | Zot:1    | Reached XP level 26. HP: 177/177 MP: 27/27
 82364 | Zot:1    | Reached XP level 27. HP: 184/184 MP: 27/27
 82531 | Zot:1    | Bought a scroll of revelation for 180 gold pieces
 83646 | Zot:2    | Identified the +4 plate armour of Sior {rF+ Dex+8}
 84155 | Zot:3    | Noticed a dread lich
 84157 | Zot:3    | Noticed a dread lich
 84160 | Zot:3    | Noticed a dread lich
 84161 | Zot:3    | Killed a dread lich
 84168 | Zot:3    | Killed a dread lich
 84173 | Zot:3    | Killed a dread lich
 84370 | Zot:3    | Paralysed by a floating eye for 2 turns
 86046 | Elf:2    | Bought a scroll of revelation for 135 gold pieces
 86046 | Elf:2    | Bought a scroll of enchant weapon for 135 gold pieces
 86790 | Zot:4    | Identified the +10 plate armour "Misa" {rC+}
 87124 | Zot:5    | Entered Level 5 of the Realm of Zot
 87762 | Zot:5    | Noticed a dread lich
 87791 | Zot:5    | Noticed an ancient lich
 87793 | Zot:5    | Noticed an ancient lich
 87796 | Zot:5    | Noticed an orb of fire
 87799 | Zot:5    | Gained mutation: Your spells are a little easier to cast,
                  | but a little less powerful. [an orb of fire]
 87802 | Zot:5    | Killed an ancient lich
 87811 | Zot:5    | Killed an orb of fire
 87841 | Zot:5    | Killed a dread lich
 87867 | Zot:5    | Noticed a dread lich
 87869 | Zot:5    | Noticed a dread lich
 87870 | Zot:5    | Noticed an orb of fire
 87874 | Zot:5    | Got the Orb of Zot
 87876 | Zot:5    | Noticed an ancient lich
 88166 | Depths:1 | Noticed a seraph
 88567 | D:$      | Escaped with the Orb!

Illustrated notes

Levels and vault maps discovered:
D:1:      evilmike_arrival_plus, layout_basic
D:2:      layout_loops_ring, nicolae_houndstooth_variations
D:3:      layout_basic, bloody_makhleb, mainiacjoe_overflow_divided_tiny,
          minmay_misc_feat_iff
D:4:      minmay_general_purpose_star, layout_rooms, gammafunk_ghost_mausoleum,
          nicolae_nh_ransacked_shop, uniq_ijyb
D:5:      layout_loops_ring, gammafunk_temple_overflow_arena, hex_large
D:6:      layout_cave_pools, okawaru_metal_pillars_3,
          mainiacjoe_overflow_boulevard, minmay_temple_entry_antechambers,
          corexii_checkpoint_a, nicolae_nh_oracle_at_delphi, uniq_edmund
D:7:      layout_cave_pools, nicolae_overflow_hidden_temple, hex_medium,
          minmay_misc_feat_alley, dk_noncrumbling_4
D:8:      layout_rooms, serial_shops, nicolae_shop_mannequins,
          nicolae_shop_statue_plus, nicolae_shop_rolling_square,
          nicolae_lakefront_shop, serial_glass, glass_columns_b,
          glass_columns_c, glass_columns_b, glass_columns_a,
          due_unseen_surprise, minmay_strange_pillars, feat_on_display,
          item_on_display_a, uniq_prince_ribbit1
D:9:      layout_stronghold, bh_circular_ruins, uniq_amaemon
D:10:     layout_basic, kennysheep_slug_shrine, serial_shops, shop
D:11:     layout_rooms, lair_entry_dummy, serial_shops, shop,
          nicolae_danse_macabre, uniq_nergalle
D:12:     layout_roguey, erik_orc_2, serial_shops, shop, dreamdust_wishing_well
D:13:     layout_cave_pools, minmay_misc_feat_x, minmay_misc_feat_doors,
          nicolae_sif_muna_little_library, uniq_urug
D:14:     layout_loops_ring, skrybe_vaults_entry_preservation,
          hellmonk_guarded_unrand_frostbite
D:15:     grunt_enter_depths_snipers, layout_basic,
          nemelex_diamond_rough_becter, serial_shops, shop_coins,
          gauntlet_entry_generic, nrook_mini_backslash
Temple:   nicolae_temple_ecumenical_triangle
Lair:1:   layout_gridlike, enter_volcano_2
Lair:2:   layout_layer_cave, nicolae_spider_entry_lesser_pyramids,
          chequers_serial_rivers_marsh, infiniplex_staircase_pool,
          serial_bayou_shore_a, grunt_megastairs_5
Lair:3:   layout_gridlike, minmay_shoals_entry_hut, beast_lair_carwin_3,
          grunt_megastairs_1
Lair:4:   layout_long_grid, dpeg_slime_entry_enclosed, beast_lair_carwin_4
Lair:5:   wormcave, layout_long_grid, hangedman_lair_caniforms_friends,
          ebering_ghost_reflecting_pool, minmay_lair_drake_nest, uniq_sonja
Shoals:1: layout_shoals
Shoals:2: layout_shoals, nicolae_shoals_loop_pool, uniq_roxanne, uniq_frances,
          uniq_polyphemus
Shoals:3: layout_shoals, nicolae_shoals_goliath_grotto
Shoals:4: shoals_end_hangedman, layout_shoals, serial_shops,
          nicolae_shop_bloodbath_and_beyond, nicolae_specific_store
Spider:1: layout_spider_delve
Spider:2: layout_spider_delve, drop_trap
Spider:3: layout_spider_delve
Spider:4: hellmonk_spider_rune_bug_friends
Orc:1:    layout_diamond_mine, basic_altar, nicolae_shop_firing_range
Orc:2:    st_orc_elflike, layout_diamond_mine, portal_ice_cave_entry_pillars_2,
          gammafunk_ghost_grave, lightli_orcish_oven, uniq_saint_roka,
          uniq_josephine
Elf:1:    elf_arrival_001, layout_gridlike, minmay_elf_annihilation,
          roderic_lattice_octagonal_star, uniq_nikola, uniq_agnes, uniq_azrael,
          uniq_jorgrun, uniq_asterion
Elf:2:    elven_hall_of_blades_hangedman_original [nicolae_blade_little_rooms],
          layout_geoelf_grid, serial_shops, shop
Elf:3:    elf_hall_gauntlet_wide, layout_gridlike,
          serial_sigils_hangedman_quiver, minivault_13, uniq_louise
Vaults:1: nicolae_vaults_disjoint_gnomons, nicolae_vaults_double_plus_2,
          vaults_dpeg_ring, nicolae_vaults_little_squares_4,
          nicolae_vaults_trapezoid_lopsided_2, vaults_room_pool,
          nicolae_vaults_network_square, ontoclasm_vaults_fault, v_misc_9,
          ontoclasm_vaults_chip, v_pattern_1, nicolae_vaults_trapezoid_4,
          nicolae_vaults_turnstiles, layout_vaults_ring, enter_trove_6
Vaults:2: v_misc_17, nicolae_vaults_cochlea,
          nicolae_vaults_shipping_containers_2, ontoclasm_vaults_bender,
          vaults_room_door_ring, nicolae_vaults_double_plus_2, v_misc_12,
          v_pattern_3, layout_vaults_omnigrid
Vaults:3: ebering_ghost_rock_garden, minmay_crypt_entry_simple_corners,
          v_misc_3, v_misc_29, nicolae_vaults_ellipses_ellipsis,
          nicolae_vaults_alarming, nicolae_vaults_variable_pillar_hall,
          nicolae_vaults_trapezoid_3, nicolae_vaults_closet_pinwheel_3,
          layout_vaults_big_room, uniq_mara
Vaults:4: nicolae_vaults_trapezoid_lopsided_3,
          hangedman_vaults_stretched_pinwheel, hangedman_vaults_maws,
          ontoclasm_vaults_ring_small, vaults_mumra_chevron, v_alt_pattern_6,
          nicolae_vaults_gold_heap, v_misc_1,
          vaults_standard_mumra_enter_the_diamond, vaults_room_fours,
          layout_vaults_omnicross, serial_shops, nicolae_shop_advertising_works
          [nicolae_subvault_shop_adworks], uniq_zenata
Vaults:5: uniq_bai_suzhen, uniq_xtahua
Crypt:1:  layout_catacombs, st_stairs_7, nicolae_crypt_crumbling_hall,
          grunt_crypt_arrival_webbed, lemuel_upstairs_altar, uniq_jory
Crypt:2:  minmay_shadows, layout_gridlike
Crypt:3:  evilmike_haunted_forest
Depths:1: layout_forbidden_donut, enter_ziggurat_a, hellmouth_3,
          marbit_kobold_abyss_entry, kennysheep_boxes
Depths:2: minmay_concentric_multi, layout_cave_shapes, hell_entry,
          rand_demon_pan_entry_1, minmay_misc_feat_cross
Depths:3: gammafunk_jiyva_shrine, layout_cave_pools, abyss_entry_flame_altar,
          grunt_hell_entry_dis_mu, muffindrake_ghost_dead_mans_drink,
          grunt_qazlal_sundering, minmay_staircase_windowed_large,
          minmay_shop_grove, grunt_megastairs_2, uniq_grunn
Depths:4: grunt_zot_entry_pinwheel, layout_honeycomb, hell_entry, uniq_parghit
Zot:1:    layout_misc_corridors, nzn_ghost_randoct
Zot:2:    lemuel_draconian_sentries_small, layout_twisted_circle
Zot:3:    hellmonk_paralyzer, layout_basic, guppyfry_library_mini
Zot:4:    layout_misc_corridors
Zot:5:    layout_basic, skrybe_zot_glass_1

Skill      XL: |  1  2  3  4  5  6  7  8  9 10 11 12 13 14 15 16 17 18 19 20 21 22 23 24 25 26 27 |
---------------+----------------------------------------------------------------------------------+-----
Long Blades    | 4 5 6 7 8 10 12 14 16 17 21 22 | 22.0
Dodging        | 5 9 11 13 15 17 18 19 20 21 22 23 24 | 24.8
Fighting       | 3 6 8 11 13 15 16 17 18 19 20 21 22 | 22.7
Shields        | 11 15 17 20 22 23 24 | 24.8
Armour         | 3 8 9 11 13 15 16 17 19 | 19.3
Stealth        | 3 7 10 13 | 13.2
Spellcasting   | |  2.0
Conjurations   | |  4.0

Action                     |  1- 3 |  4- 6 |  7- 9 | 10-12 | 13-15 | 16-18 | 19-21 | 22-24 | 25-27 || total
---------------------------+-------+-------+-------+-------+-------+-------+-------+-------+-------++-------
  Melee: Falchion          |    90 |   116 |   354 |   296 |       |       |   813 |   129 |   329 ||  2127
         Kick              |    19 |    28 |   138 |   264 |   341 |   719 |  1130 |  1289 |   815 ||  4743
         Peck              |     9 |    21 |    85 |   170 |   230 |   497 |   757 |   824 |   527 ||  3120
         Punch             |     1 |     1 |     5 |     3 |       |     1 |       |       |       ||    11
         Great sword       |       |       |       |   362 |       |       |       |       |       ||   362
         Triple sword      |       |       |       |    63 |  1012 |    16 |       |       |       ||  1091
         Demon blade       |       |       |       |       |       |  1488 |  1333 |  2072 |   996 ||  5889
         Double sword      |       |       |       |       |       |    76 |       |       |       ||    76
  Throw: Dart              |       |     7 |   102 |    29 |     1 |       |       |       |       ||   139
   Cast: Kiss of Death     |     1 |       |     2 |       |       |       |       |       |       ||     3
 Invoke: Potion Petition   |       |       |       |       |     1 |     3 |     4 |       |       ||     8
         Call Merchant     |       |       |       |       |     2 |     3 |     2 |     3 |     1 ||    11
         Bribe Branch      |       |       |       |       |       |       |       |       |     1 ||     1
  Evoke: Wand              |       |     6 |     7 |    20 |    11 |     9 |     4 |     2 |     5 ||    64
    Use: Potion            |       |     2 |     4 |     9 |     8 |    23 |     6 |     9 |     6 ||    67
         Scroll            |       |       |     8 |    22 |     7 |    11 |     4 |    12 |    16 ||    80
   Stab: Distracted        |       |     1 |       |     2 |    11 |    14 |    20 |    26 |    28 ||   102
         Sleeping          |       |       |     1 |     1 |     5 |     5 |       |    13 |     9 ||    34
         Invisible         |       |       |       |     8 |     5 |     3 |       |     4 |       ||    20
         Petrified         |       |       |       |       |       |     9 |       |       |       ||     9
         Confused          |       |       |       |       |       |       |       |       |     2 ||     2
 Armour: Leather armour    |    35 |    47 |   143 |   276 |   238 |   462 |   508 |   213 |       ||  1922
         Skin              |       |     1 |     7 |    19 |    16 |       |    94 |       |       ||   137
         Shadow dragon sca |       |       |       |       |       |       |       |   187 |   317 ||   504
  Dodge: Dodged            |    63 |    63 |   258 |   583 |   866 |  1317 |  1558 |  1007 |   561 ||  6276
  Block: Other             |       |       |       |   138 |   205 |     3 |       |       |       ||   346
         Reflection        |       |       |       |     7 |     6 |       |       |       |       ||    13
         Buckler           |       |       |       |       |       |   542 |    14 |       |       ||   556
         Tower shield      |       |       |       |       |       |       |  2641 |  2263 |  1494 ||  6398

Table legend: (Time is in decaauts)
 A = Elapsed time spent in this place.
 B = Non-inter-level travel time spent in this place.
 C = Inter-level travel time spent in this place.
 D = Time resting spent in this place.
 E = Time spent auto-exploring this place.
 F = Levels seen in this place.
 G = Mean time per level.
                   A        B        C        D        E       F      G
               +--------+--------+--------+--------+--------+-----+--------+
         Total |  85785 |  77258 |   8527 |  12088 |  46469 |  53 | 1618.6 |
       Dungeon |  21995 |  18517 |   3478 |   3880 |  10116 |  15 | 1466.3 |
        Temple |     28 |     16 |     12 |      0 |      0 |   1 |   28.0 |
          Lair |   7769 |   6846 |    923 |    681 |   4934 |   5 | 1553.8 |
        Shoals |   6271 |   5905 |    366 |   1170 |   3505 |   4 | 1567.8 |
   Spider Nest |   7141 |   6822 |    319 |   1631 |   3118 |   4 | 1785.2 |
  Orcish Mines |   3378 |   2735 |    643 |    715 |   1369 |   2 | 1689.0 |
   Elven Halls |   5561 |   5051 |    510 |    625 |   2815 |   3 | 1853.7 |
        Vaults |  12706 |  11920 |    786 |   1415 |   8056 |   5 | 2541.2 |
         Crypt |   5902 |   5585 |    317 |    192 |   4303 |   3 | 1967.3 |
        Depths |   8414 |   7617 |    797 |    659 |   5240 |   4 | 2103.5 |
           Zot |   5272 |   4900 |    372 |    702 |   2673 |   5 | 1054.4 |
       Volcano |    958 |    958 |      0 |    413 |    136 |   1 |  958.0 |
      Gauntlet |    386 |    386 |      0 |      0 |    203 |   1 |  386.0 |
               +--------+--------+--------+--------+--------+-----+--------+

Top non-repeatable levels by time:
Vaults:4: 3488 daAuts
   Elf:3: 2763 daAuts
     D:9: 2747 daAuts
Vaults:3: 2695 daAuts
 Crypt:3: 2643 daAuts
Spider:3: 2535 daAuts
  Lair:5: 2498 daAuts
Depths:2: 2391 daAuts
   Orc:2: 2331 daAuts
Vaults:2: 2267 daAuts
Vaults:5: 2225 daAuts
Depths:3: 2218 daAuts
    D:10: 2121 daAuts
    D:12: 2087 daAuts
Vaults:1: 2028 daAuts
